 Dungeon Sprint DCSS version 0.22-a0-469-gf26638a71f (webtiles) character file.

429 Findor the Carver (level 6, 0/93 HPs)
             Began as a Minotaur Berserker on June 12, 2018.
             Was a Believer of Trog.
             Succumbed to Sonja's poison
             ... in the Dungeon (Sprint I: "Red Sonja").
             The game lasted 00:02:48 (524 turns).

Findor the Carver (Minotaur Berserker)               Turns: 524, Time: 00:02:49

Health: 0/93       AC: 23    Str: 24    XL:     6   Next: 66%
Magic:  5/5        EV:  2    Int:  4    God:    Trog [**....]
Gold:   103        SH:  0    Dex: 14    Spells: 5/5 levels left

rFire    . . .     SeeInvis .   a - +0 falchion
rCold    . . .     Gourm    .   (no shield)
rNeg     + + +     Faith    .   (armour currently unavailable)
rPois    +         Spirit   .   (helmet currently unavailable)
rElec    .         Reflect  .   (cloak currently unavailable)
rCorr    .         Harm     .   (gloves currently unavailable)
MR       .....     NoTele   +   (boots currently unavailable)
Stlth    ++........             (no amulet)
HPRegen  0.25/turn              (no ring)
MPRegen  0.09/turn              (no ring)

@: agile, lethally poisoned (0 -> -41), tree-form, hasted and slowed
A: (retaliatory headbutt), wild magic 1
a: Berserk, Trog's Hand, Renounce Religion


You were in the Dungeon.
You worshipped Trog.
Trog was pleased with you.
You were not hungry.
You were a tree.
You visited 1 branch You collected 313 gold pieces.
You spent 210 gold pieces at shops.


Innate Abilities, Weirdness & Mutations

((You reflexively headbutt those who attack you in melee.))
((You have a pair of horns on your head.))
((You have sharp toenails.))
((Your skin changes colour to match your surroundings (Stealth+).))
Your spells are a little harder to cast, but a little more powerful.


   Skills:
 + Level 8.7 Fighting
 * Level 11.5 Long Blades
 + Level 7.4 Armour
 + Level 7.5 Dodging


You had 5 spell levels left.
You didn't know any spells.
Your spell library was empty.

Inventory:

Hand Weapons
 a - a +0 falchion (weapon)
Missiles
 k - 3 javelins of returning (quivered)
Armour
 j - a +0 scale mail (melded)
   (You took it off Ijyb in the Dungeon)
Scrolls
 i - a scroll of blinking
Potions
 g - 2 potions of magic
 h - a potion of berserk rage
Comestibles
 c - a ration


Message History

* * * LOW HITPOINT WARNING * * *
You feel sick.
Throwing (i - inventory)
k - 4 javelins of returning (quivered)
Press: ? - help, Shift-Dir - straight line, f - you
Okay, then.
Unknown command.
There is a lethal amount of poison in your body!
* * * LOW HITPOINT WARNING * * *
You feel sick.
Throwing (i - inventory)
k - 4 javelins of returning (quivered)
Press: ? - help, Shift-Dir - straight line, f - Sonja
Aim: Sonja, wielding a blowgun (moderately wounded)
You throw a javelin of returning.
The javelin of returning closely misses Sonja.
The javelin of returning fails to return to your pack!
* * * LOW HITPOINT WARNING * * *
You feel very sick.
You hit Sonja.
* * * LOW HITPOINT WARNING * * *
You feel sick.
Sonja unwields an uncursed blowgun.
Sonja wields an uncursed short sword of venom.
It begins to drip with poison!
Sonja hits you but does no damage. x2
You are more poisoned.
Sonja hits you but does no damage.
Unknown command.
Unknown command.
You closely miss Sonja.
* * * LOW HITPOINT WARNING * * *
You feel sick. Sonja hits you but does no damage. x3
Unknown command.
You are too injured to fight recklessly!
You slash Sonja!
* * * LOW HITPOINT WARNING * * *
You feel sick. Sonja hits you but does no damage. x3
Unknown command.
Really quaff
b - a potion of mutation {!q}?
You feel extremely strange.
You feel less in control of your magic.
Your skin functions as natural camouflage.
Your toenails lengthen and sharpen.
* * * LOW HITPOINT WARNING * * *
You feel sick. Sonja hits you but does no damage. x3
You completely miss Sonja.
* * * LOW HITPOINT WARNING * * *
You feel sick. Sonja hits you but does no damage.
You are more poisoned.
Sonja hits you but does no damage. x2
You are more poisoned.
You barely miss Sonja.
You die...

################
#<.#..)..#..'..#
#..'[.#..').#..+
#..#####'#####'#
#..####..#...#(####
#..#__####..##.#§§§§c#
#..#_____##'#K.+≈≈§..+
#⌠⌠#_.∩...'.♣._#
####_..__##_.#'#
#_____###+#.# #######
.### .$ .$# .## +#


You could see Sonja.

Vanquished Creatures
  A yak (D)
  Sigmund (D)
  An ogre (D)
  A jelly (D)
  Ijyb (D)
5 creatures vanquished.

Notes
Turn   | Place    | Note
-------+----------+-------------------------------------------
     0 | D        | Findor the Minotaur Berserker began the quest for the Orb.
     0 | D        | Reached XP level 1. HP: 19/19 MP: 0/0
     1 | D        | Noticed Ijyb
     5 | D        | Killed Ijyb
     5 | D        | Reached skill level 6 in Long Blades
     5 | D        | Reached skill level 3 in Dodging
     5 | D        | Reached XP level 2. HP: 29/29 MP: 1/1
   131 | D        | Noticed an ogre
   135 | D        | Killed an ogre
   135 | D        | Reached skill level 6 in Fighting
   135 | D        | Reached skill level 8 in Long Blades
   135 | D        | Reached XP level 3. HP: 31/38 MP: 2/2
   135 | D        | Reached XP level 4. HP: 36/45 MP: 3/3
   266 | D        | Noticed Sigmund
   272 | D        | Killed Sigmund
   272 | D        | Reached ** piety under Trog
   272 | D        | Reached skill level 10 in Long Blades
   272 | D        | Reached skill level 6 in Armour
   272 | D        | Reached skill level 6 in Dodging
   272 | D        | Reached XP level 5. HP: 53/53 MP: 4/4
   388 | D        | Found a deep blue altar of Sif Muna.
   389 | D        | Found an ornate altar of the Wu Jian Council.
   390 | D        | Found a radiant altar of Vehumet.
   394 | D        | Reached XP level 6. HP: 49/61 MP: 5/5
   460 | D        | Noticed a centaur warrior
   477 | D        | Found Xogext's Distillery.
   477 | D        | Found an ancient bone altar of Kikubaaqudgha.
   477 | D        | Found a hazy altar of Hepliaklqana.
   477 | D        | Found a stormy altar of Qazlal.
   477 | D        | Found a hide-covered altar of Uskayaw.
   477 | D        | Found a blossoming altar of Fedhas.
   477 | D        | Found a bloodstained altar of Trog.
   477 | D        | Found an iron altar of Okawaru.
   477 | D        | Found a basalt altar of Yredelemnul.
   477 | D        | Found a glowing golden altar of the Shining One.
   477 | D        | Found a snail-covered altar of Cheibriados.
   477 | D        | Found a sacrificial altar of Ru.
   477 | D        | Found a glowing silver altar of Zin.
   477 | D        | Found a shadowy altar of Dithmenos.
   477 | D        | Found a white marble altar of Elyvilon.
   477 | D        | Noticed a yak
   482 | D        | Killed a yak
   482 | D        | Reached skill level 11 in Long Blades
   483 | D        | Found an opulent altar of Gozag.
   484 | D        | Found a sparkling altar of Nemelex Xobeh.
   499 | D        | Bought a potion of mutation for 112 gold pieces
   499 | D        | Bought a potion of agility for 56 gold pieces
   499 | D        | Bought a potion of lignification for 42 gold pieces
   504 | D        | Noticed Sonja
   511 | D        | HP: 8/62 [asphyx]
   511 | D        | HP: 1/62 [asphyx]
   516 | D        | HP: 15/93 [poisoned by Sonja (curare-tipped needle)]
   521 | D        | HP: 6/93 [poisoned by Sonja]
   522 | D        | Gained mutation: Your spells are a little harder to cast, but a little more powerful. [potion of mutation]
   522 | D        | Gained mutation: Your skin changes colour to match your surroundings (Stealth+). [potion of mutation]
   522 | D        | Gained mutation: You have sharp toenails. [potion of mutation]
   524 | D        | Succumbed to Sonja's poison

Vault maps used:
D:        dungeon_sprint_1

Action                   |  1- 3 |  4- 6 || total
-------------------------+-------+-------++-------
Melee: Falchion          |     5 |    18 ||    23
       Headbutt          |     1 |     2 ||     3
Throw: Javelin           |       |     1 ||     1
Invok: Berserk           |     2 |     2 ||     4
       Trog's Hand       |       |     1 ||     1
  Use: Potion            |       |     6 ||     6
  Eat: Chunk             |       |     2 ||     2
Armor: Scale mail        |       |     3 ||     3
       Skin              |       |    13 ||    13
Dodge: Dodged            |     1 |     4 ||     5
